 Dungeon Crawl Stone Soup version 0.22.1 (webtiles) character file.

26442 Folque the Geomancer (level 13, -9/79 HPs)
             Began as an Octopode Wizard on Sept 18, 2018.
             Was an Elder of Sif Muna.
             Killed from afar by a white imp (11 damage)
             ... with a puff of frost
             ... on level 14 of the Dungeon on Sept 19, 2018.
             The game lasted 02:08:25 (18347 turns).

Folque the Geomancer (Octopode Wizard)             Turns: 18347, Time: 02:08:26

Health: -9/79      AC:  1    Str:  6    XL:     13   Next: 26%
Magic:  9/35       EV: 16    Int: 29    God:    Sif Muna [****..]
Gold:   544        SH:  7    Dex: 10    Spells: 7/30 levels left

rFire    . . .     SeeInvis +   P - staff of energy
rCold    . . .     Gourm    +   l - +2 buckler
rNeg     . . .     Faith    .   r - +0 hat {Int+3}
rPois    +         Spirit   .   N - amulet of the gourmand
rElec    .         Reflect  .   s - +1 ring of evasion
rCorr    .         Harm     .   y - ring of poison resistance
MR       .....                  I - ring of magical power
Stlth    ++++......             T - ring of see invisible
HPRegen  0.23/turn              (no ring)
MPRegen  0.24/turn              (no ring)
                                (no ring)
                                (no ring)

@: no status effects
A: almost no armour, stealthy swim, amphibious, 8 rings, constrict 8, camouflage
1, gelatinous body 1
a: Divine Energy, Channel Magic, Forget Spell, Renounce Religion


You were on level 14 of the Dungeon.
You worshipped Sif Muna.
Sif Muna was greatly pleased with you.
You were very full.

You visited 2 branches of the dungeon, and saw 15 of its levels.
You also visited: Ossuary.

You collected 791 gold pieces.
You spent 247 gold pieces at shops.

Inventory:

Hand Weapons
 b - a +0 dagger
 d - a +1 dagger of venom
 i - a +3 spear of venom
 k - a +0 blowgun
 G - a +0 long sword of protection
 H - a +0 scimitar of slicing
 M - a +1 halberd of freezing
Missiles
 j - 10 exploding tomahawks (quivered)
 m - 47 poisoned needles
Armour
 a - a +0 hat
 l - a +2 buckler (worn)
 r - a +0 hat of intelligence (worn)
 v - the cursed +0 shield "Vista" {rPois MP-9 Dex+5 Slay+2}
   (You found it on level 5 of the Dungeon)

   It affects your dexterity (+5).
   It affects your accuracy and damage with ranged weapons and melee attacks
   (+2).
   It protects you from poison.
   It affects your magic capacity (-9).
   It has a curse placed upon it.
Magical Staves
 h - an uncursed staff of air
 F - an uncursed staff of death
 P - an uncursed staff of energy (weapon)
Jewellery
 s - a +1 ring of evasion (left tentacle)
 y - a ring of poison resistance (right tentacle)
 I - a ring of magical power (on tentacle)
 N - an amulet of the gourmand (around mantle)
 O - an uncursed ring of ice
 T - a ring of see invisible (on tentacle)
Wands
 o - a wand of flame (72)
 q - a wand of acid (8)
 t - a wand of scattershot (6)
Scrolls
 e - 4 scrolls of remove curse
 f - a scroll of magic mapping
 g - a scroll of teleportation
 p - 3 scrolls of enchant armour {unknown}
 L - 3 scrolls of amnesia
 R - a scroll of silence {unknown}
Potions
 n - 2 potions of ambrosia {unknown}
 u - 2 potions of brilliance
 w - 2 potions of lignification
 z - 2 potions of cancellation
 A - 2 potions of mutation
 B - 2 potions of flight
 E - a potion of berserk rage {unknown}
 J - 2 potions of haste {unknown}
 K - 4 potions of agility
 Q - a potion of experience {unknown}
 S - a potion of resistance {unknown}
Comestibles
 c - 22 rations


   Skills:
 - Level 4.0 Fighting
 - Level 3.3(3.4) Polearms
 - Level 1.0(2.3) Staves
 - Level 3.0 Throwing
 - Level 5.0 Dodging
 - Level 7.0 Stealth
 + Level 6.5 Shields
 - Level 9.0 Spellcasting
 - Level 10.0 Conjurations
 - Level 3.2 Hexes
 - Level 1.0 Summonings
 - Level 1.0 Translocations
 - Level 3.0 Fire Magic
 - Level 2.0 Air Magic
 * Level 10.4 Earth Magic
 - Level 2.2 Poison Magic
 - Level 7.1 Invocations


You had 7 spell levels left.
You knew the following spells:

 Your Spells              Type           Power        Failure   Level  Hunger
a - Magic Dart            Conj           ####         1%          1    None
b - Call Imp              Summ           ###.....     4%          2    None
c - Blink                 Tloc           N/A          4%          2    None
d - Mephitic Cloud        Conj/Pois/Air  #####...     1%          3    None
e - Conjure Flame         Conj/Fire      ######..     1%          3    None
f - Slow                  Hex            ####....     1%          2    None
g - Bolt of Magma         Conj/Fire/Erth ######....   4%          5    None
h - Lee's Rapid Deconstr  Erth           ######....   1%          5    None

Your spell library contained the following spells:

 Spells                   Type           Power        Failure   Level  Hunger
 Beastly Appendage        Tmut           ##....       4%          1    None
 Pain                     Necr           ##..         4%          1    None
 Petrify                  Tmut/Erth      #####...     4%          4    None
 Corpse Rot               Necr           N/A          6%          2    None
 Sticks to Snakes         Tmut           ##......     6%          2    None
 Ignite Poison            Fire/Tmut/Pois ###.....     6%          3    None
 Spider Form              Tmut/Pois      ###.......   8%          3    None
 Ice Form                 Ice/Tmut       ##......     38%         4    None
 Poison Arrow             Conj/Pois      #####.....   45%         6    None
 Blade Hands              Tmut           ##........   75%         5    None
 Dispel Undead            Necr           ##......     75%         5    None
 Dragon Form              Tmut           ##........   100%        7    None


Dungeon Overview and Level Annotations

Branches:
Dungeon (14/15) Temple (1/1) D:7 Lair (0/6) D:11 Orc (0/2) D:9 Vaults (0/5) D:13 D:14

Altars:
Ashenzari
Cheibriados
Dithmenos
Elyvilon
Fedhas
Gozag
Hepliaklqana
Kikubaaqudgha
Makhleb
Nemelex Xobeh
Okawaru
Qazlal
Ru
Sif Muna
Trog
Uskayaw
Vehumet
Wu Jian
Xom
Yredelemnul
Zin
The Shining One

Shops:
D:5 (   D:10 %(*

Annotations:
D:4 2 transporters, Ymberto's ghost, amateur NaTm
D:14 exclusions: 11 humans, 5 ugly things, water moccasin, worker ant and 1 more exclusion, Rupert


Innate Abilities, Weirdness & Mutations

You cannot wear most types of armour.
You are very stealthy in the water. (Stealth+)
You are amphibious.
You can wear up to eight rings at the same time.
You can use your tentacles to constrict eight enemies at once.
Your skin changes colour to match your surroundings (Stealth+).
Your rubbery body absorbs attacks. (AC +1, EV +1)


Message History

The komodo dragon is engulfed in noxious fumes.
The komodo dragon appears confused.
The human closely misses you.
Okay, then.
Remove which piece of jewellery? (? for menu, Esc to quit)
Okay, then.
Okay, then.
Casting: Mephitic Cloud (safe; 1% risk of failure)
Confirm with . or Enter, or press ? or * to list all spells.
You blink.
Floosh!
The komodo dragon is engulfed in noxious fumes.
The komodo dragon appears confused.
A white imp comes into view.
The white imp misses you. You block the white imp's attack.
Casting: Blink (safe; 4% risk of failure)
Confirm with . or Enter, or press ? or * to list all spells.
You blink.
The white imp gestures at you. The puff of frost hits you!
You die...

###.*,*** #..,*,,,************
#.#****,,,,,,,,,,,,,
####.####,,***,,****,*,
**********#≈≈..≈≈≈#,.,**,,,***,,,
,,,,,,,.,*#≈≈§.§≈≈#.#,,,,,,,,,,,,
*,,,,,,#.##§5p§§§.#.#,**,,,,,,,,*
*,,,,,,#.H55§§§l§...#,,,,,,,,,,,,
**,,5...5D#≈§§§§@.###***,,,8,,,,,
*,,......#≈§....≈#,*,,,,,,,,,,,,
**,,.....,#≈≈≈..≈≈#,*,***,,,,,,,,
,,,*####.#####.####,*,* *****,,,,
**** #,#.[...#*,*...* **,*,
*,#(#####*,*#.#* *,*,
********,#.######,*#.# *,*,
,,,,,,,,,#.##...,,*#.# **##***,*,
*********#.##.##***#>##*,.,,,,,*,


You could see a manticore, a komodo dragon (confused), a human and 3 white imps.

Vanquished Creatures
  Gastronok (D:11)
  Nessos (D:14)
  A centaur warrior (D:13)
  3 two-headed ogres
  2 tengu warriors (D:13)
  Urug (D:14)
  Pikel (D:8)
  An ugly thing (D:11)
  A deep elf mage (D:13)
  A manticore (D:11)
  2 cyclopes (D:14)
  Psyche (D:12)
  An efreet (D:14)
  A kobold demonologist (D:14)
  5 trolls
  A tengu conjurer (D:12)
  A polar bear (D:14)
  A wolf spider simulacrum (D:14)
  A hornet (D:9)
  2 hippogriffs
  3 slime creatures
  Prince Ribbit (D:5)
  Grinder (D:5)
  2 wraiths
  A vampire (D:14)
  A shadow (D:13)
  13 humans
  A basilisk (D:11)
  18 yaks
  A redback simulacrum (D:14)
  A vampire mosquito (D:13)
  A harpy simulacrum (D:14)
  A soldier ant (D:11)
  4 acid dragons
  4 porcupines (D:11)
  Duvessa (D:4)
  A water moccasin (D:14)
  An eye of draining (D:7)
  4 orc warriors
  A sky beast (D:7)
  3 black bears
  A phantom (D:8)
  A slave (D:8)
  2 ice beasts
  A tengu (shapeshifter) (D:12)
  A necrophage (D:9)
  4 ogres
  17 centaurs
  3 wolves
  3 crocodiles (D:11)
  3 big kobolds
  7 bullfrogs
  A wyvern zombie (D:9)
  Dowan (D:4)
  5 scorpions
  A water moccasin skeleton (D:8)
  6 killer bees
  5 wights (D:8)
  An electric eel (D:14)
  A howler monkey (D:6)
  4 centaur zombies
  3 crimson imps
  4 hounds
  A quasit (D:12)
  A jelly (D:12)
  A bullfrog skeleton (D:7)
  3 human zombies (Ossuary)
  5 orc priests
  8 orc wizards
  Ijyb (D:4)
  5 iguanas
  5 worker ants
  2 hound zombies
  A hound skeleton (D:7)
  4 mummies (Ossuary)
  8 adders
  4 gnolls (D:3)
  8 shadow imps
  A white imp (D:14)
  An ooze (D:2)
  An adder skeleton (D:9)
  A worm (D:3)
  3 dart slugs
  7 leopard geckos
  45 orcs
  9 bats
  7 giant cockroaches
  8 goblins
  8 hobgoblins
  4 jackals
  2 quokkas
  4 frilled lizards
  A giant cockroach zombie (D:5)
  A goblin zombie (Ossuary)
  A hobgoblin zombie (Ossuary)
  A jackal skeleton (D:7)
  11 kobolds
  2 orc zombies (Ossuary)
  3 rats
346 creatures vanquished.

Vanquished Creatures (collateral kills)
  A slime creature (D:12)
  A human (D:14)
  An acid dragon (D:11)
  A killer bee (D:7)
  A jelly (D:9)
  A bullfrog zombie (D:5)
  A hound (D:10)
  3 orc wizards
  A hound zombie (D:7)
  2 mummies (Ossuary)
  2 adders
  2 gnolls (D:3)
  2 orcs (D:5)
  A giant cockroach (D:5)
  2 hobgoblins
  2 kobolds
  A bat (D:3)
25 creatures vanquished.

Vanquished Creatures (others)
  A slave (D:8)
  3 killer bees (D:7)
  A hound (D:7)
  A worker ant (D:7)
  A quokka (D:4)
  A jackal skeleton (D:8)
  A fungus (D:11)
  2 plants (D:11)
11 creatures vanquished.

Grand Total: 382 creatures vanquished

Notes
Turn   | Place    | Note
-------+----------+-------------------------------------------
     0 | D:1      | Folque the Octopode Wizard began the quest for the Orb.
     0 | D:1      | Reached XP level 1. HP: 11/11 MP: 4/4
    88 | D:1      | Reached skill level 1 in Fighting
    88 | D:1      | Reached XP level 2. HP: 4/18 MP: 4/6
   584 | D:1      | Learned a level 2 spell: Call Imp
   587 | D:1      | Learned a level 2 spell: Blink
  1229 | D:2      | Reached XP level 3. HP: 10/24 MP: 2/7
  1515 | D:2      | Learned a level 3 spell: Mephitic Cloud
  1736 | D:2      | Reached skill level 1 in Poison Magic
  1961 | D:2      | Reached XP level 4. HP: 29/29 MP: 8/8
  2147 | D:3      | Found a sacrificial altar of Ru.
  2154 | D:3      | Reached skill level 1 in Air Magic
  2182 | D:3      | Reached XP level 5. HP: 22/34 MP: 5/9
  2512 | D:3      | HP: 1/34 [gnoll/spear (10)]
  2857 | D:3      | Learned a level 3 spell: Conjure Flame
  3056 | D:3      | Found a shadowy altar of Dithmenos.
  3437 | D:4      | Noticed Ijyb
  3442 | D:4      | Reached XP level 6. HP: 39/39 MP: 10/12
  3457 | D:4      | Killed Ijyb
  3457 | D:4      | Reached skill level 1 in Fire Magic
  3740 | D:4      | Noticed Dowan
  3742 | D:4      | Found a white marble altar of Elyvilon.
  3742 | D:4      | Noticed Duvessa
  3757 | D:4      | Killed Duvessa
  3766 | D:4      | Killed Dowan
  3766 | D:4      | Reached XP level 7. HP: 44/45 MP: 6/13
  3829 | D:4      | Found a snail-covered altar of Cheibriados.
  3886 | D:4      | Found a transporter.
  3898 | D:4      | Found a transporter.
  3901 | D:4      | Noticed Ymberto's ghost (amateur NaTm)
  4114 | D:5      | Entered Level 5 of the Dungeon
  4299 | D:5      | Reached skill level 1 in Throwing
  4606 | D:5      | Found a radiant altar of Vehumet.
  4729 | D:5      | Found a sparkling altar of Nemelex Xobeh.
  4729 | D:5      | Found a burning altar of Makhleb.
  4734 | D:5      | Found a faded altar of an unknown god.
  4736 | D:5      | Found a stormy altar of Qazlal.
  4738 | D:5      | Found a faded altar of an unknown god.
  4864 | D:5      | Noticed Prince Ribbit
  4872 | D:5      | Killed Prince Ribbit
  5018 | D:5      | Reached XP level 8. HP: 42/50 MP: 10/14
  5024 | D:5      | Learned a level 2 spell: Slow
  5036 | D:5      | Noticed Grinder
  5048 | D:5      | Paralysed by Grinder for 7 turns
  5064 | D:5      | Killed Grinder
  5064 | D:5      | Reached skill level 5 in Conjurations
  5069 | D:5      | Found Nunn's Antique Weapon Emporium.
  5706 | D:5      | Reached skill level 1 in Hexes
  5982 | D:5      | Got a jewelled shield
  5983 | D:5      | Identified the cursed +0 shield "Vista" {rPois MP-9 Dex+5
                  | Slay+2} (You found it on level 5 of the Dungeon)
  6087 | D:6      | Found a deep blue altar of Sif Muna.
  6090 | D:6      | Became a worshipper of Sif Muna the Loreminder
  6206 | D:6      | Found a shattered altar of Ashenzari.
  6283 | D:6      | Found a glowing silver altar of Zin.
  6604 | D:7      | Reached XP level 9. HP: 57/58 MP: 12/15
  6643 | D:7      | Found a sand-covered staircase.
  6654 | Ossuary  | Entered an ossuary
  7088 | Ossuary  | Reached skill level 1 in Invocations
  7829 | D:7      | Noticed a two-headed ogre
  8085 | D:7      | Found a runed door.
  8129 | D:7      | Noticed a troll
  8129 | D:7      | Noticed a troll
  8138 | D:7      | Killed a troll
  8140 | D:7      | Noticed a troll
  8286 | D:7      | Killed a troll
  8286 | D:7      | Reached * piety under Sif Muna
  8584 | D:7      | Killed a troll
  8689 | D:7      | Identified the Papyrus of Ghastly Stones
  8737 | D:7      | Found a shimmering altar of Xom.
  8822 | D:7      | Killed a two-headed ogre
  8822 | D:7      | Reached skill level 5 in Spellcasting
  8822 | D:7      | Reached XP level 10. HP: 63/63 MP: 13/17
  8829 | D:7      | Learned a level 5 spell: Bolt of Magma
  8903 | D:7      | Found a blossoming altar of Fedhas.
  9051 | D:7      | Found a staircase to the Ecumenical Temple.
  9060 | Temple   | Entered the Ecumenical Temple
  9537 | D:8      | Reached skill level 1 in Earth Magic
 10119 | D:8      | Reached skill level 1 in Polearms
 10151 | D:8      | Noticed Pikel
 10195 | D:8      | Reached ** piety under Sif Muna
 10215 | D:8      | Killed Pikel
 10730 | D:8      | Noticed a two-headed ogre
 10760 | D:8      | Killed a two-headed ogre
 11712 | D:9      | Reached *** piety under Sif Muna
 11761 | D:9      | Reached XP level 11. HP: 49/69 MP: 8/20
 12295 | D:9      | Found a staircase to the Orcish Mines.
 12389 | D:9      | Found an iron altar of Okawaru.
 12389 | D:9      | Found an opulent altar of Gozag.
 12485 | D:10     | Entered Level 10 of the Dungeon
 12523 | D:10     | Reached skill level 10 in Conjurations
 12523 | D:10     | Reached skill level 5 in Earth Magic
 12541 | D:10     | Found Soadic's General Store.
 12553 | D:10     | Bought a +2 buckler for 247 gold pieces
 12571 | D:10     | Found Esapoj Osooch's Antique Weapon Emporium.
 12655 | D:10     | Found Vimooloa's Food Emporium.
 12795 | D:10     | Reached skill level 5 in Invocations
 13064 | D:11     | Noticed a two-headed ogre
 13110 | D:11     | Killed a two-headed ogre
 13571 | D:11     | Noticed Gastronok
 13591 | D:11     | Killed Gastronok
 13632 | D:11     | Found a staircase to the Lair.
 13645 | D:11     | Noticed a white ugly thing
 13660 | D:11     | Killed a white ugly thing
 13854 | D:11     | Noticed a manticore
 13868 | D:11     | Killed a manticore
 13868 | D:11     | Reached skill level 5 in Dodging
 14729 | D:12     | Reached **** piety under Sif Muna
 14911 | D:12     | Reached XP level 12. HP: 66/74 MP: 9/24
 15286 | D:12     | Learned a level 5 spell: Lee's Rapid Deconstruction
 15498 | D:12     | Reached skill level 1 in Shields
 16314 | D:12     | Noticed Psyche
 16320 | D:12     | Killed Psyche
 16806 | D:13     | Noticed a centaur warrior
 16821 | D:13     | Killed a centaur warrior
 16892 | D:13     | Noticed a tengu warrior
 16902 | D:13     | Noticed a tengu warrior
 16903 | D:13     | Killed a tengu warrior
 17049 | D:13     | Killed a tengu warrior
 17501 | D:14     | Found a gate to the Vaults.
 17501 | D:14     | Noticed Nessos
 17501 | D:14     | Noticed Rupert
 17501 | D:14     | Noticed Urug
 17533 | D:13     | Reached skill level 1 in Staves
 17870 | D:14     | Reached ***** piety under Sif Muna
 17870 | D:14     | Reached skill level 5 in Shields
 17878 | D:14     | Identified Cenev's Tome of Transmutation and Intoxication
                  | (Sif Muna gifted it to you on level 14 of the Dungeon)
 17878 | D:14     | Received a gift from Sif Muna
 17917 | D:14     | Reached XP level 13. HP: 74/79 MP: 1/26
 17935 | D:14     | Killed Nessos
 17938 | D:14     | Killed Urug
 17944 | D:14     | Reached skill level 10 in Earth Magic
 18340 | D:14     | HP: 1/79 [komodo dragon (24)]
 18347 | D:14     | Killed from afar by a white imp

Skill      XL: |  1  2  3  4  5  6  7  8  9 10 11 12 13 |
---------------+----------------------------------------+-----
Fighting       | 1 2 4 |  4.0
Conjurations   | 2 3 4 6 8 9 10 | 10.0
Poison Magic   | 1 2 |  2.2
Stealth        | 3 4 6 7 |  7.0
Air Magic      | 1 2 |  2.0
Spellcasting   | 4 5 6 8 9 |  9.0
Fire Magic     | 1 3 |  3.0
Dodging        | 3 5 |  5.0
Throwing       | 1 3 |  3.0
Hexes          | 3 |  3.2
Invocations    | 4 7 |  7.1
Earth Magic    | 4 5 9 10 | 10.4
Polearms       | 2 3 |  3.3
Shields        | 5 6 |  6.5
Staves         | 1 |  1.0
Summonings     | |  1.0
Translocations | |  1.0

Action                   |  1- 3 |  4- 6 |  7- 9 | 10-12 | 13-15 || total
-------------------------+-------+-------+-------+-------+-------++-------
Melee: Unarmed           |     7 |       |       |       |       ||     7
       Dagger            |    54 |    28 |       |       |       ||    82
       Tentacles         |    11 |    13 |    23 |    18 |     1 ||    66
       Constrict         |    17 |    23 |    38 |    27 |     2 ||   107
       Spear             |       |    64 |   274 |   473 |    33 ||   844
       Staff             |       |       |       |     3 |     5 ||     8
Throw: Throwing net      |       |       |       |     1 |       ||     1
       Tomahawk          |       |       |       |       |     1 ||     1
 Cast: Magic Dart        |    12 |     2 |    39 |    92 |     4 ||   149
       Call Imp          |     1 |     9 |    23 |    22 |     4 ||    59
       Mephitic Cloud    |       |     9 |    21 |    51 |     5 ||    86
       Blink             |       |     2 |    11 |    37 |     5 ||    55
       Conjure Flame     |       |       |    22 |    49 |     8 ||    79
       Slow              |       |       |     2 |     3 |       ||     5
       Bolt of Magma     |       |       |       |    91 |    14 ||   105
       Lee's Rapid Decon |       |       |       |    32 |    14 ||    46
Invok: Divine Energy     |       |       |       |     2 |       ||     2
       Stop Divine Energ |       |       |       |     2 |       ||     2
       Channel Magic     |       |       |       |     7 |     5 ||    12
Evoke: Wand              |       |       |     2 |       |       ||     2
  Use: Scroll            |       |     5 |     5 |    14 |     1 ||    25
       Potion            |       |     1 |     2 |     3 |     1 ||     7
 Stab: Sleeping          |    14 |     9 |     9 |    11 |       ||    43
       Confused          |       |     1 |     8 |    17 |     1 ||    27
       Distracted        |       |       |       |       |     2 ||     2
  Eat: Chunk             |     3 |     7 |    12 |    38 |     3 ||    63
       Ration            |       |       |     2 |     1 |       ||     3
Armor: Skin              |     8 |     2 |     9 |     5 |       ||    24
Dodge: Dodged            |    34 |    40 |   108 |   123 |    11 ||   316
Block: Buckler           |       |       |       |     4 |     7 ||    11
